 Dungeon Crawl Stone Soup version 0.14-a0-1403-g5d3c58f (webtiles) character file.

228 PolkaDot the Cutter (level 4, 0/34 HPs)
             Began as a Vampire Death Knight on Dec 10, 2013.
             Was a Believer of Yredelemnul.
             Slain by a worm (11 damage)
             ... on Level 3 of the Dungeon.
             The game lasted 00:04:26 (1362 turns).

PolkaDot the Cutter (Vampire Death Knight)          Turns: 1362, Time: 00:04:26

HP   0/34        AC  3     Str 12      XL: 4   Next:  1%
MP   5/5         EV 11     Int 13      God: Yredelemnul [**....]
Gold 160         SH  0     Dex 14      Spells:  0 memorised,  3 levels left

rFire  . . .     SeeInvis +     a - +1 short sword
rCold  + . .     Clarity  .     q - +0 leather armour (curse)
rNeg   . . .     Conserve .     (no shield)
rPois  +         rCorr    .     (no helmet)
rElec  .         rRot     .     (no cloak)
SustAb . .       Spirit   .     (no gloves)
rMut   .         Warding  .     (no boots)
Saprov . . .     Stasis   .     (no amulet)
                                p - ring of poison resistance {unknown}
                                j - ring of protection from cold {unknown}

@: regenerating quickly, slightly resistant to hostile enchantments, unstealthy
A: fangs 3, see invisible, unbreathing
a: Animate Remains, Recall Undead Slaves, Injury Mirror, Renounce Religion


You were on level 3 of the Dungeon.
You worshipped Yredelemnul.
Yredelemnul was pleased with you.
You were very full.

You visited 1 branch of the dungeon, and saw 3 of its levels.

You collected 160 gold pieces.

Inventory:

Hand weapons
 a - a +1,+1 short sword (weapon)
 i - a +0,+2 dagger of protection
 m - a +0,+1 orcish spear
Armour
 q - a cursed +0 leather armour (worn)
Scrolls
 c - a scroll of fog {unknown}
 d - a scroll of magic mapping {unknown}
 e - 4 scrolls of identify {unknown}
 g - 6 scrolls of remove curse {unknown}
 h - a scroll of teleportation {unknown}
 k - 3 scrolls of random uselessness {unknown}
 l - a scroll of recharging {unknown}
 n - a scroll of curse armour {unknown}
 r - a scroll of enchant armour {unknown}
Jewellery
 j - a ring of protection from cold (left hand) {unknown}
 p - a ring of poison resistance (right hand) {unknown}
Potions
 b - a potion of agility {unknown}
 f - a potion of restore abilities {unknown}
 o - a potion of mutation {unknown}


   Skills:
 + Level 2.3 Fighting
 * Level 3.9 Short Blades
 - Level 0.7 Armour
 + Level 2.0 Dodging
 - Level 2.4 Invocations


You had 3 spell levels left.
You didn't know any spells.

Dungeon Overview and Level Annotations

Branches:
Dungeon (3/16)

Altars:
Vehumet


Innate Abilities, Weirdness & Mutations

Your natural rate of healing is unusually fast.
You have razor-sharp teeth.*
You have supernaturally acute eyesight.
You can survive without breathing.*


Message History

You hit the adder.
You kill the adder!
Yredelemnul accepts your kill.
You have reached level 4!
You hit the worm. You bite the worm.
The worm is lightly wounded.
You hit the worm.
The worm is moderately wounded.
The worm bites you.
You hit the worm.
The worm is moderately wounded.
The worm bites you!
* * * LOW HITPOINT WARNING * * *
You hit the worm.
The worm is heavily wounded.
You hit the worm.
The worm is severely wounded.
The worm bites you!
You die...
Yredelemnul claims you as an undead slave.

###########
#.........#
#..<###.##
#........# #
#...###..##.#
##..@w......#
#..###%.####
#..# #..#
#[... .....
..........###
###..#####.#
#.. .# #.. .#
..


You could see a worm.

Vanquished Creatures
  An adder (D:3)
  A gnoll (D:1)
  2 worms (D:2)
  An ooze (D:2)
  5 bats
  2 giant cockroaches
  3 goblins
  4 hobgoblins
  2 giant newts
  11 kobolds
  10 rats
42 creatures vanquished.

Notes
Turn   | Place    | Note
--------------------------------------------------------------
     0 | D:1      | PolkaDot, the Vampire Death Knight, began the quest for the Orb.
     0 | D:1      | Reached XP level 1. HP: 16/16 MP: 1/1
   268 | D:1      | Reached XP level 2. HP: 16/22 MP: 2/2
   317 | D:1      | Reached skill level 3 in Short Blades
   559 | D:2      | HP: 1/22 [worm (8)]
   586 | D:2      | Reached XP level 3. HP: 6/27 MP: 4/4
   594 | D:2      | Acquired Yredelemnul's second power
  1179 | D:2      | Found a radiant altar of Vehumet.
  1356 | D:3      | Reached XP level 4. HP: 19/34 MP: 5/5
  1362 | D:3      | Slain by a worm

Action                   |  1- 3 |  4- 6 || total
-------------------------+-------+-------++-------
Melee: Short sword       |   150 |     5 ||   155
  Use: Potion            |     5 |       ||     5
 Stab: Sleeping          |     1 |       ||     1
